 Dungeon Crawl Stone Soup version 0.21-a0-79-g04744e2 (webtiles) character file.

2951 KristoblXynda the Cleaver (level 9, 0/68 HPs)
             Began as a Minotaur Gladiator on June 22, 2017.
             Was a Priest of Nemelex Xobeh.
             Slain by a two-headed ogre
             ... wielding a +0 giant club
              (11 damage)
             ... on level 8 of the Dungeon.
             The game lasted 00:15:28 (7336 turns).

KristoblXynda the Cleaver (Minotaur Gladiator)      Turns: 7336, Time: 00:15:30

Health: 0/68       AC: 11    Str: 20    XL:     9   Next: 51%
Magic:  12/12      EV: 13    Int:  7    God:    Nemelex Xobeh [***...]
Gold:   253        SH:  0    Dex: 17    Spells: 8/8 levels left

rFire    . . .     SeeInvis .   H - +2 war axe
rCold    . . .     Gourm    .   (no shield)
rNeg     . . .     Faith    .   x - +1 scale mail {MR+}
rPois    .         Spirit   .   c - +0 hat
rElec    .         Reflect  .   A - +0 cloak (curse)
rCorr    .         Harm     .   z - +0 pair of gloves
MR       ++...                  (no boots)
Stlth    ..........             (no amulet)
HPRegen  0.21/turn              l - ring of protection from magic
MPRegen  0.13/turn              h - +5 ring of dexterity

@: no status effects
A: retaliatory headbutt, horns 2
a: Triple Draw, Renounce Religion


You were on level 8 of the Dungeon.
You worshipped Nemelex Xobeh.
Nemelex Xobeh was most pleased with you.
You were hungry.

You visited 2 branches of the dungeon, and saw 9 of its levels.

You collected 253 gold pieces.

Inventory:

Hand Weapons
 H - a +2 war axe (weapon)
Missiles
 d - 3 throwing nets (quivered)
Armour
 c - a +0 hat (worn)
 x - a +1 scale mail of magic resistance (worn)
 z - a +0 pair of gloves (worn)
 A - a cursed +0 cloak (worn)
Jewellery
 h - a +5 ring of dexterity (right hand)
 l - a ring of protection from magic (left hand)
Wands
 u - a wand of acid (9/15)
Scrolls
 a - a scroll of amnesia
 i - 2 scrolls of teleportation
 p - 2 scrolls of fear
 q - a scroll of blinking
 w - a scroll of enchant armour
Potions
 e - a potion of lignification {unknown}
 j - a potion of heal wounds
 m - 2 potions of flight {unknown}
 n - 2 potions of brilliance
 o - 3 potions of might
 r - a potion of magic
 s - a potion of agility
Books
 g - a book of Necromancy

   Spells                             Type                      Level
   a - Pain                           Necromancy                   1
   b - Animate Skeleton               Necromancy                   1
   c - Vampiric Draining              Necromancy                   3
   d - Regeneration                   Charms/Necromancy            3
   e - Animate Dead                   Necromancy                   4
   f - Control Undead                 Necromancy                   4
 t - a book of Battle

   Spells                             Type                      Level
   a - Infusion                       Charms                       1
   b - Shroud of Golubria             Charms/Translocation         2
   c - Song of Slaying                Charms                       2
   d - Spectral Weapon                Hexes/Charms                 3
   e - Regeneration                   Charms/Necromancy            3
 F - a book of Geomancy

   Spells                             Type                      Level
   a - Sandblast                      Earth                        1
   b - Passwall                       Transmutation/Earth          2
   c - Stone Arrow                    Conjuration/Earth            3
   d - Petrify                        Transmutation/Earth          4
   e - Lee's Rapid Deconstruction     Earth                        5
Miscellaneous
 k - a plain deck of destruction
 y - a plain deck of escape {drawn: 2}
 B - a plain deck of destruction {drawn: 1}
 C - a plain deck of summoning {drawn: 3}
 G - a plain deck of summoning
 I - a plain deck of destruction
Comestibles
 b - 4 royal jellies
 f - 5 bread rations
 v - 3 meat rations
 D - 2 fruits


   Skills:
 - Level 2.4 Fighting
 + Level 10.0 Axes
 - Level 2.0 Throwing
 + Level 7.6 Armour
 - Level 5.5 Dodging
 + Level 6.2 Invocations
 + Level 3.2 Evocations


You had 8 spell levels left.
You didn't know any spells.

Dungeon Overview and Level Annotations

Branches:
Dungeon (8/15)             Temple (1/1) D:4
   Lair: D:8-11

Altars:
Ashenzari
Cheibriados
Dithmenos
Elyvilon
Fedhas
Gozag
Hepliaklqana
Kikubaaqudgha
Makhleb
Nemelex Xobeh
Okawaru
Qazlal
Ru
Sif Muna
Trog
Uskayaw
Vehumet
Wu Jian
Xom
Yredelemnul
Zin
The Shining One

Shops:
D:5 }


Innate Abilities, Weirdness & Mutations

You reflexively headbutt those who attack you in melee.
You have a pair of horns on your head.


Message History

The shadow imp shouts!
You hit the two-headed ogre. You headbutt the two-headed ogre.
The two-headed ogre is heavily wounded.
The two-headed ogre barely misses you. You furiously retaliate!
You headbutt the two-headed ogre!
The two-headed ogre hits you with a giant spiked club!!
* * * LOW HITPOINT WARNING * * *
Okay, then.
Okay, then.
Evoke which item? (* to show all) (? for menu, Esc to quit)
Aiming: Corrosive Bolt (will waste charges)
Press: ? - help, Shift-Dir - straight line, f - two-headed ogre
Aim: a two-headed ogre, wielding a giant club and a giant spiked club (heavily wounded)
The bolt of acid misses the two-headed ogre.
Evoking this partially-identified wand wasted a few charges.
The two-headed ogre hits you with a giant club!
* * * LOW HITPOINT WARNING * * *
The two-headed ogre hits you with a giant spiked club!
You die...
Your body glows with a rainbow of weird colours and disappears.

.8....#.#
........#####
....g5......#
....g..<....#
......g.....#
....(%......###
.......†......#
.......O@...#
.8..........#
............#
#...........#
#.............
#...!...###.#.#
##.....## .#.#
#..... .# .


You could see a two-headed ogre, 3 gnolls and a shadow imp.

Vanquished Creatures
  A yak (D:8)
  Eustachio (D:5)
  Duvessa (D:6)
  2 orc warriors
  A sky beast (D:6)
  3 ice beasts (D:8)
  A wolf (D:8)
  An ogre (D:5)
  A centaur (D:6)
  3 bullfrogs
  Blork the orc (D:5)
  A scorpion (D:7)
  A wight (D:7)
  2 howler monkeys (D:7)
  2 crimson imps (D:5)
  A quasit (D:4)
  2 hounds (D:4)
  A centaur skeleton (D:5)
  7 orc priests
  Jessica (D:2)
  8 orc wizards
  3 worker ants
  A centaur simulacrum (D:8)
  Robin (D:2)
  A gnoll (D:7)
  11 adders
  A white imp (D:8)
  2 adder skeletons (D:4)
  2 worms
  3 dart slugs (D:1)
  5 leopard geckos
  29 orcs
  2 ball pythons
  5 bats
  3 giant cockroaches
  14 goblins
  8 hobgoblins
  6 jackals
  4 quokkas
  A ball python skeleton (D:5)
  6 frilled lizards
  A jackal skeleton (D:4)
  A jackal zombie (D:6)
  9 kobolds
  3 leopard gecko skeletons
  4 rats
168 creatures vanquished.

Vanquished Creatures (collateral kills)
  Grinder (D:6)
  Menkaure (D:6)
  Dowan (D:6)
  4 wights (D:7)
  An orc wizard (D:6)
  3 orcs
  2 jackals (D:6)
  A quokka (D:6)
14 creatures vanquished.

Vanquished Creatures (others)
  A leopard gecko (D:4)
  A plant (D:4)
2 creatures vanquished.

Grand Total: 184 creatures vanquished

Notes
Turn   | Place    | Note
-------+----------+-------------------------------------------
     0 | D:1      | KristoblXynda the Minotaur Gladiator began the quest for the Orb.
     0 | D:1      | Reached XP level 1. HP: 18/18 MP: 0/0
    94 | D:1      | Reached XP level 2. HP: 25/25 MP: 1/1
   123 | D:1      | Reached skill level 4 in Axes
   408 | D:1      | Found a burning altar of Makhleb.
   516 | D:1      | Reached XP level 3. HP: 27/30 MP: 2/2
   709 | D:2      | Noticed Robin
   716 | D:2      | Killed Robin
   716 | D:2      | Reached skill level 5 in Axes
  1016 | D:2      | Reached XP level 4. HP: 37/37 MP: 3/3
  1072 | D:2      | Noticed Jessica
  1074 | D:2      | Killed Jessica
  1562 | D:2      | You fall through a shaft!
  1570 | D:3      | Reached XP level 5. HP: 42/42 MP: 4/4
  1661 | D:3      | Found a faded altar of an unknown god.
  1826 | D:3      | Reached skill level 5 in Dodging
  2545 | D:4      | Reached skill level 6 in Axes
  2549 | D:4      | Found a staircase to the Ecumenical Temple.
  2687 | D:4      | Reached XP level 6. HP: 28/50 MP: 5/5
  2692 | Temple   | Entered the Ecumenical Temple
  3175 | Temple   | Became a worshipper of Nemelex Xobeh the Trickster
  3225 | D:4      | Reached skill level 1 in Invocations
  3258 | D:4      | Reached skill level 1 in Armour
  3276 | D:4      | Received a gift from Nemelex Xobeh
  3403 | D:4      | Found a radiant altar of Vehumet.
  3518 | D:4      | Reached skill level 7 in Axes
  3626 | D:4      | Found a burning altar of Makhleb.
  3702 | D:5      | Entered Level 5 of the Dungeon
  3708 | D:5      | Found Rocudel's Gadget Emporium.
  3716 | D:5      | Noticed Eustachio
  3744 | D:5      | Killed Eustachio
  3744 | D:5      | Reached XP level 7. HP: 32/56 MP: 7/7
  4060 | D:5      | Reached * piety under Nemelex Xobeh
  4089 | D:5      | Received a gift from Nemelex Xobeh
  4118 | D:5      | Noticed Blork the orc
  4131 | D:5      | Killed Blork the orc
  4423 | D:5      | Reached skill level 8 in Axes
  4940 | D:5      | Reached XP level 8. HP: 62/62 MP: 9/9
  4990 | D:5      | Received a gift from Nemelex Xobeh
  5357 | D:6      | Reached skill level 5 in Armour
  5520 | D:6      | Noticed Duvessa
  5521 | D:6      | Noticed Dowan
  5530 | D:6      | Killed Dowan
  5530 | D:6      | Killed Duvessa
  5562 | D:6      | Noticed Menkaure
  5569 | D:6      | Killed Menkaure
  5626 | D:6      | Reached ** piety under Nemelex Xobeh
  5641 | D:6      | Reached skill level 9 in Axes
  5641 | D:6      | Reached skill level 5 in Invocations
  5968 | D:6      | Received a gift from Nemelex Xobeh
  6266 | D:6      | Reached skill level 1 in Evocations
  6385 | D:6      | Noticed Grinder
  6390 | D:6      | Killed Grinder
  6477 | D:7      | Reached XP level 9. HP: 68/68 MP: 12/12
  6653 | D:7      | Reached *** piety under Nemelex Xobeh
  6653 | D:7      | Received a gift from Nemelex Xobeh
  7038 | D:7      | Received a gift from Nemelex Xobeh
  7325 | D:8      | Noticed a two-headed ogre
  7333 | D:8      | Reached skill level 10 in Axes
  7336 | D:8      | Slain by a two-headed ogre

Vault maps used:
D:1:      lightli_arrival_statuegarden, serial_bayou_ford_a,
          minmay_misc_feat_square, kennysheep_flooded_box
D:2:      st_stairs_4, corexii_item_surrounded_by_moat, hex_intersection,
          grunt_decor_mini_mirrors, kennysheep_decorative_pillar, uniq_robin,
          uniq_jessica
D:3:      chequers_ecumenical_altar_simple_redux, first_bread
D:4:      fiery_altar_vehumet, minmay_temple_entry_overgrown,
          supply_closet_lemuel, makhleb_blood_cavern_becter
D:5:      serial_shops, kennysheep_little_box, uniq_blork_the_orc,
          uniq_eustachio
D:6:      minivault_5, uniq_duvessa, uniq_grinder, uniq_menkaure
D:8:      enter_bailey_2, serial_ice, serial_ice_o, serial_ice_h, serial_ice_a,
          serial_ice_b, serial_shops, shop, solitary_fountain, uniq_psyche,
          uniq_joseph
Temple:   roderic_octagonal_lattice_temple

Skill      XL: |  1  2  3  4  5  6  7  8  9 |
---------------+----------------------------+-----
Axes           | 4 5 6 7 8 9 10 | 10.0
Dodging        | 4 5 |  5.5
Invocations    | 2 3 5 6 |  6.2
Armour         | 3 4 6 7 |  7.6
Evocations     | 1 3 |  3.2
Fighting       | |  2.4
Throwing       | |  2.0

Action                   |  1- 3 |  4- 6 |  7- 9 || total
-------------------------+-------+-------+-------++-------
Melee: War axe           |    60 |   139 |   197 ||   396
       Headbutt          |     8 |    23 |    41 ||    72
Evoke: Deck              |       |     1 |     5 ||     6
       Wand              |       |       |     1 ||     1
  Use: Scroll            |       |       |    17 ||    17
       Potion            |       |       |     1 ||     1
  Eat: Chunk             |       |     6 |     1 ||     7
       Royal jelly       |       |     1 |       ||     1
       Meat ration       |       |       |     2 ||     2
       Fruit             |       |       |     1 ||     1
Armor: Leather armour    |     3 |       |       ||     3
       Ring mail         |    21 |    19 |       ||    40
       Scale mail        |       |    38 |    81 ||   119
Dodge: Dodged            |    51 |   101 |   175 ||   327
